[Event "*** Titled Tuesday Blitz"]
[Site "Chess.com"]
[Date "2020.04.21"]
[Round "5"]
[White "Gentlejimmy7"]
[Black "raviteja81293"]
[Result "0-1"]
[WhiteElo "2613"]
[BlackElo "2782"]
[TimeControl "180+1"]
[EndTime "10:58:07 PDT"]
[Termination "raviteja81293 won by resignation"]

1. d4 d5 2. g3 Nf6 3. Bg2 c6 4. Nf3 Bg4 5. Ne5 Bh5 6. f3 Nfd7 7. Nd3 e6 8. O-O Be7 9. Be3 O-O 10. Bf2 c5 11. c3 cxd4 12. cxd4 Nc6 13. Nc3 Rc8 14. Nf4 Bg6 15. Nxg6 hxg6 16. e4 Nb6 17. Rc1 Bf6 18. e5 Be7 19. Qe2 a6 20. Rfd1 Nc4 21. b3 Nb6 22. Qb2 Qd7 23. Bf1 Rc7 24. a3 Rfc8 25. Rc2 Qe8 26. Rdc1 Qf8 27. Nb1 Qd8 28. Bd3 Bf8 29. Be3 Ne7 30. g4 Nc6 31. Kg2 Be7 32.
h3 Na5 33. Rxc7 Rxc7 34. Rxc7 Qxc7 35. Qc2 Qd8 36. Bd2 Nc6 37. Be3 Qf8 38. Qc1 a5 39. Kg3 a4 40. b4 Qd8 41. Nd2 Na7 42. Nb1 Bh4+ 43. Kg2 Be7 44. Nc3 Qd7 45. Qc2 Qc6 46. b5 Qc8 47. Nxa4 Nxa4 48. Qxa4 Qc3 49. Qc2 Qxa3 50. Qc7 Qxd3 51. Qxe7 Qxe3 52. Qxb7 Qe2+ 53. Kg3 Nxb5 54. Qc8+ Kh7 55. Qe8 Qe1+ 56. Kg2 Qe2+ 57. Kg3 Nxd4 58. Qxf7 Qxe5+ 59. f4 Qe3+ 60. Kh4 Nf3+ 61.
Kg3 Ne5+ 0-1

[Event "*** Titled Tuesday Blitz"]
[Site "Chess.com"]
[Date "2020.04.21"]
[Round "5"]
[White "GianmarcoVaR"]
[Black "Caterpiller35"]
[Result "1-0"]
[WhiteElo "2562"]
[BlackElo "2388"]
[TimeControl "180+1"]
[EndTime "10:58:07 PDT"]
[Termination "GianmarcoVaR won on time"]

1. d4 Nf6 2. c3 e6 3. Nf3 d5 4. Bf4 c5 5. e3 Nc6 6. Nbd2 cxd4 7. exd4 Nh5 8. Bg5 Be7 9. Bxe7 Qxe7 10. Bb5 O-O 11.
Bxc6 bxc6 12. Ne5 Nf4 13. Qg4 Ng6 14. Nxg6 hxg6 15. Qg3 c5 16. dxc5 Qxc5 17. h4 Ba6 18. h5 Qb5 19. O-O-O Rab8 20. Nb3 Qa4 21. hxg6 fxg6 22.
Qxg6 Rf6 23. Qh7+ Kf7 24. Qh5+ Ke7 25. Qe5 Rxb3 26. Qc7+ Qd7 27. Qxd7+ Kxd7 28. axb3 Rxf2 29. Rd2 Rf7 30. Rh4 Kd6 31. Ra4 Bf1 32. c4 Kc5 33. Kc2 d4 34. Ra5+ Kb6 35. Rb5+ Kc6 36. Rxd4 Bxg2 37. Re5 Bh3 38. c5 Bf5+ 39. Kc3 g5 40. Kc4 g4 41. Rd6+ Kc7 42. Ra6 Kb7 43. Ra1 Rh7 44.
Rg1 Rh2 45. b4 Rxb2 46. b5 a6 47. c6+ Kb6 48. bxa6 Kxc6 49. Ra5 Kb6 50. a7 Rc2+ 51. Kb3 1-0

[Event "*** Titled Tuesday Blitz"]
[Site "Chess.com"]
[Date "2020.04.21"]
[Round "5"]
[White "MikeSailer"]
[Black "Nathan_Filgueiras"]
[Result "1-0"]
[WhiteElo "2150"]
[BlackElo "2322"]
[TimeControl "180+1"]
[EndTime "10:58:07 PDT"]
[Termination "MikeSailer won by resignation"]

1. d4 Nf6 2. Bf4 e6 3. e3 c5 4. Nf3 Nc6 5. c3 Nh5 6. Bg5 Qb6 7. Qb3 h6 8. Bh4 g5 9. Bg3 Nxg3 10. hxg3 Bg7 11. Nbd2 d5 12. Bb5 Bd7 13. a4 c4 14.
Qa3 a6 15. Bxc6 Qxc6 16. Ne5 Qc7 17. Nxd7 Qxd7 18. e4 Qe7 19. Qa2 O-O 20. O-O Qd7 21. a5 f5 22. exf5 exf5 23. Rfe1 Rfe8 24. Nf3 Re4 25.
Nd2 Re6 26. Rad1 Rae8 27. Qb1 g4 28. Nf1 Qe7 29. Rxe6 Qxe6 30. Ne3 Rf8 31. Re1 Qd7 32. b3 cxb3 33. Qxb3 Rd8 34. Qb6 Qc6 35. Qb4 Bf8 36. Qb1 Qd7 37. Nxf5 Rc8 38. Re3 Qh7 39. Qd3 Rc6 40. Nh4 Qxd3 41. Rxd3 Kf7 42. Nf5 Rc4 43. Ne3 Ra4 44. Nxd5 Rxa5 45. c4 Ra1+ 46. Kh2 h5 47.
Nf4 h4 48. gxh4 Bd6 49. g3 Ra2 50. Kg2 a5 51. c5 Bxf4 52. gxf4 a4 53. d5 Ke7 54. h5 a3 55. h6 Rc2 56. d6+ Kd7 57. h7 a2 58. h8=Q Rxc5 59. Qg7+ 1-0

[Event "*** Titled Tuesday Blitz"]
[Site "Chess.com"]
[Date "2020.04.21"]
[Round "5"]
[White "kungmongmanh"]
[Black "ApacheSVD"]
[Result "1-0"]
[WhiteElo "2592"]
[BlackElo "2418"]
[TimeControl "180+1"]
[EndTime "10:58:08 PDT"]
[Termination "kungmongmanh won by resignation"]

1. d4 Nf6 2. c4 c5 3. d5 b5 4.
cxb5 a6 5. bxa6 g6 6. Nc3 Bg7 7. e4 O-O 8. e5 Ne8 9. f4 d6 10. Nf3 Nd7 11. e6 fxe6 12. dxe6 Ndf6 13. Ng5 Qa5 14. Bd2 Qb6 15. Bc4 Bxa6 16. Bxa6 Qxa6 17. Qe2 Nc7 18. Qxa6 Rxa6 19. O-O h6 20. Nf3 Nxe6 21.
Rfe1 Kf7 22. a4 Rb8 23. Nb5 Ne8 24. Bc3 Bxc3 25. bxc3 N8c7 26. c4 Raa8 27. g3 Rb7 28.
Re2 Nd8 29. Rae1 Nc6 30. Rxe7+ Nxe7 31. Nxd6+ Kf6 32. Nxb7 Ne6 33. a5 Ra7 34. Nd6 Rxa5 35. Ne5 Nf5 36. Ne4+ Kg7 37. Rb1 Ra7 38. Rb6 Re7 39.
Nc6 Rf7 40. Ne5 Re7 41. Ra6 g5 42. Nc6 Rf7 43. Ne5 Re7 44. fxg5 hxg5 45. Nc6 Rf7 46. Nd2 Ned4 47. Ne5 Re7 48. Ndf3 Nxf3+ 49. Nxf3 g4 50.
Nh4 Nxh4 51. gxh4 Re4 52. Ra4 Re2 53. Ra5 Kg6 54. Rxc5 Rc2 55. Rg5+ Kf6 56. Rxg4 Kf5 57. h3 Kf6 58. h5 Kf5 59. h6 Ra2 60. h7 Ra8 61.
Rg8 1-0

[Event "*** Titled Tuesday Blitz"]
[Site "Chess.com"]
[Date "2020.04.21"]
[Round "5"]
[White "ErikRonka"]
[Black "MaxVavulin"]
[Result "0-1"]
[WhiteElo "2411"]
[BlackElo "2581"]
[TimeControl "180+1"]
[EndTime "10:58:09 PDT"]
[Termination "MaxVavulin won by resignation"]

1. e4 e5 2. Nf3 Nc6 3. Nc3 g6 4. d4 exd4 5. Nxd4 Bg7 6. Nxc6 bxc6 7. Bd3 d6 8. O-O Nf6 9. Bg5 h6 10. Bh4 O-O 11. Qd2 g5 12. Bg3 Nh5 13. Rad1 Qf6 14. Rfe1 Nxg3 15. hxg3 Rb8 16. Rb1 Be6 17. Qe3 Qd4 18.
Qe2 Rfe8 19. Red1 Qc5 20. Na4 Qb4 21. b3 c5 22. c4 Bd7 23. Nb2 Qc3 24. Qc2 Qd4 25.
Re1 Bc6 26. Nd1 f5 27. Ne3 fxe4 28. Be2 Rf8 29. Bg4 Rbe8 30. Rbd1 Qe5 31. Nd5 Bxd5 32.
Rxd5 Qc3 33. Qxc3 Bxc3 34. Re2 Bd4 35. Rf5 Rxf5 36. Bxf5 e3 37. fxe3 Bxe3+ 38. Kf1 Re5 39. g4 h5 40. Ke1 Kg7 41. Kd1 Kf6 42. Kc2 h4 43. Kd3 Bd4 44. Re4 Bb2 45. Rxe5 Kxe5 46. Ke3 Bc1+ 47. Kf3 Kd4 48. Bd7 Kc3 49. Ke4 Kb2 50.
Ba4 Kxa2 51. Kf5 Kb2 52. Ke6 Kc3 53. Kd7 Bf4 54. Kxc7 d5+ 55. Kc6 dxc4 56. bxc4 Kxc4 57. Kb7 a5 58. Ka6 Kb4 59. Bb5 a4 60. Bd3 a3 0-1

[Event "*** Titled Tuesday Blitz"]
[Site "Chess.com"]
[Date "2020.04.21"]
[Round "5"]
[White "Karacsonyi_Gellert"]
[Black "dennisodessa"]
[Result "1-0"]
[WhiteElo "2495"]
[BlackElo "2296"]
[TimeControl "180+1"]
[EndTime "10:58:10 PDT"]
[Termination "Karacsonyi_Gellert won by resignation"]

1. e4 e6 2. d4 d5 3. e5 c5 4. c3 Qa5 5. Bd2 Qb6 6. Qb3 Nc6 7. Nf3 Nge7 8. Bd3 Qxb3 9. axb3 Nf5 10. Bxf5 exf5 11. O-O Be6 12. Be3 cxd4 13. Bxd4 Be7 14. Na3 O-O 15. Nc2 a6 16. g3 Rae8 17. Rfe1 f6 18.
exf6 Bxf6 19. Bxf6 Rxf6 20. Ncd4 Bd7 21. Rxe8+ Bxe8 22. Nxc6 Bxc6 23. Nd4 g6 24. f4 Kf7 25. Kf2 Ke7 26. Ke3 Kd6 27. Kd3 Rf7 28. Re1 Re7 29.
Rxe7 Kxe7 30. Nc2 Kd6 31. Kd4 b6 32. Ne3 Bb7 33. g4 fxg4 34. Nxg4 Ke6 35. Ne3 a5 36. h4 Kd6 37. c4 dxc4 38. Nxc4+ Kc7 39. Ke5 Ba6 40. Nd6 Bd3 41. Ne8+ Kc6 42. Nf6 h5 43. Nd5 Kc5 44. Ne7 Kb4 45. Kf6 Kxb3 46. Nxg6 Kxb2 47. Ne5 Bc2 48. Kg5 a4 49. f5 a3 50. Nc4+ Kc3 51. Nxa3 Bb3 52. Kxh5 Kb4 53. Nb1 Ba2 54. f6 b5 55. Kg5 Kc5 56. Nc3 Be6 57. Nxb5 Kxb5 58.
Kg6 Kc6 59. f7 Bxf7+ 60. Kxf7 Kd5 61. h5 Ke5 62. h6 Kf5 63. h7 Kg5 64. h8=Q Kf4 65.
Qf6+ Ke4 66. Ke6 Kd3 67. Qe5 Kc4 68. Qd5+ 1-0

[Event "*** Titled Tuesday Blitz"]
[Site "Chess.com"]
[Date "2020.04.21"]
[Round "5"]
[White "GMBenjaminBok"]
[Black "Rsnr"]
[Result "1-0"]
[WhiteElo "2888"]
[BlackElo "2780"]
[TimeControl "180+1"]
[EndTime "10:58:11 PDT"]
[Termination "GMBenjaminBok won by resignation"]

1. c4 Nf6 2. g3 e6 3. Bg2 d5 4. Nf3 dxc4 5. Qa4+ Nbd7 6. Qxc4 c5 7. d4 a6 8. Qc2 b5 9. Ne5 Nd5 10. Nxd7 Qxd7 11. dxc5 Bb7 12. O-O Rc8 13. Rd1 Bxc5 14. e4 Nb4 15. Qe2 Qe7 16. Nc3 O-O 17. Bf4 Rfd8 18.
Rxd8+ Rxd8 19. Rd1 Bd4 20. Be3 Nc6 21. h4 h6 22. Kh2 Qf6 23. Kg1 Bxc3 24. bxc3 Qxc3 25. Rxd8+ Nxd8 26. Qd1 Qc8 27. Qd6 Bc6 28. Bb6 Nb7 29. Qe7 Qd7 30. Qxd7 Bxd7 31. e5 Bc8 32. f4 Kf8 33.
Kf2 Ke7 34. h5 Nd8 35. Bc5+ Ke8 36. Bf1 Bb7 37. a3 Bd5 38. g4 Nb7 39. Bb4 Bc6 40.
Ke3 a5 41. Bc3 Kd7 42. f5 Kc7 43. Bd3 exf5 44. gxf5 Kd7 45. Bd4 b4 46. axb4 axb4 47. Bc4 Ke7 48. Kf4 Ba4 49. Bd5 Nd8 50. Bc5+ Ke8 51.
Bxb4 Bc6 52. Bc4 Bd7 53. Bc3 Kf8 54. Bb2 Bc8 55. Bc3 Bd7 56. Bd4 Bc8 57. Bb6 Nc6 58.
Bc5+ Ke8 59. e6 fxe6 60. fxe6 Na5 61. Bb5+ 1-0

[Event "*** Titled Tuesday Blitz"]
[Site "Chess.com"]
[Date "2020.04.21"]
[Round "5"]
[White "x-5963514717"]
[Black "ChessWarrior7197"]
[Result "0-1"]
[WhiteElo "2638"]
[BlackElo "2878"]
[TimeControl "180+1"]
[EndTime "10:58:12 PDT"]
[Termination "ChessWarrior7197 won by checkmate"]

1. Nf3 d5 2. g3 Bg4 3. Bg2 e6 4.
Ne5 Bh5 5. c4 Bd6 6. d4 c6 7.
cxd5 exd5 8. Nc3 Nf6 9. O-O O-O 10. Nd3 Bg6 11. Nf4 Bf5 12. f3 Re8 13. Re1 Na6 14. e4 dxe4 15. fxe4 Bg4 16. Qd2 Qb6 17. Qf2 Bd7 18. h3 c5 19. Be3 cxd4 20. Bxd4 Bc5 21. Bxc5 Qxc5 22. Qxc5 Nxc5 23. e5 g5 24. Nfd5 Nxd5 25.
Nxd5 Red8 26. Rad1 Be6 27. b4 Na4 28. Nf6+ Kg7 29.
Bxb7 Rxd1 30. Rxd1 Rb8 31. Bc6 Nc3 32. Rd2 Rxb4 33. Rd8 Bxh3 34. Rg8+ Kh6 35. Be8 Be6 36. Rh8 Kg6 37. Rxh7 Rb1+ 38. Kg2 Nd5 39. Rh1 Rxh1 40.
Kxh1 Nxf6 41. exf6 Bxa2 42. Bb5 Kxf6 43. Ba6 Ke5 44. Kg2 Bd5+ 45. Kf2 f5 46. Ke3 Be6 47.
Be2 a5 48. Bf3 a4 49. Kd2 a3 50. Kc3 f4 51. gxf4+ Kxf4 52. Bc6 g4 53. Bg2 g3 54. Kc2 Ke3 55. Kb1 Kf2 56. Be4 Bg4 57. Ka2 Bf3 58.
Bc2 g2 59. Kxa3 g1=Q 60. Bb3 Qc1+ 61. Ka2 Ke3 62. Bc4 Kd4 63. Bb3 Kc3 64. Bd1 Qb2# 0-1

[Event "*** Titled Tuesday Blitz"]
[Site "Chess.com"]
[Date "2020.04.21"]
[Round "5"]
[White "Muguet7"]
[Black "jacky72"]
[Result "0-1"]
[WhiteElo "2515"]
[BlackElo "2708"]
[TimeControl "180+1"]
[EndTime "10:58:15 PDT"]
[Termination "jacky72 won by checkmate"]

1. d4 Nf6 2. Nf3 g6 3. c4 Bg7 4.
Nc3 d6 5. e4 O-O 6. h3 e5 7. d5 a5 8. Be3 Na6 9. g4 Nd7 10. Bd3 Nb6 11. Qd2 Nc5 12. Be2 Kh8 13. Bh6 a4 14. Bxg7+ Kxg7 15. Qe3 c6 16. Nd2 cxd5 17.
cxd5 a3 18. b3 Qf6 19. h4 Bd7 20. h5 Qf4 21. Qxf4 exf4 22. Bb5 Bxg4 23. h6+ Kg8 24.
f3 Bc8 25. b4 Na6 26. Rb1 Rd8 27. Kf2 Bd7 28. Rhc1 Rac8 29. Bxd7 Nxd7 30. Nb5 Rxc1 31.
Rxc1 Ne5 32. Rc3 Nxb4 33. Rxa3 f5 34. exf5 gxf5 35. Ra4 Kf7 36. Ke2 Nbd3 37. Rd4 Nc5 38. Rxf4 Kg6 39. Nc4 Nxc4 40. Rxc4 b6 41. Rh4 Re8+ 42.
Kd2 Re5 43. Rd4 Nb7 44. f4 Re7 45. Rc4 Kxh6 46. Rc6 Rd7 47. Nd4 Kg6 48. Ne6 Kf7 49. Rxb6 Nd8 50. Nd4 Kf6 51. a4 Nb7 52. Rb5 Nc5 53.
a5 h5 54. Nc6 h4 55. Rb8 Rh7 56. Rf8+ Kg6 57. Rg8+ Kh5 58. Rg5+ Kh6 59. Nd8 Ne4+ 60. Ke3 Nxg5 61. fxg5+ Kxg5 62. a6 Ra7 63. Ne6+ Kg4 64. Nd4 Rxa6 65. Kf2 Ra2+ 66. Kg1 f4 67. Nb5 Kg3 68.
Nxd6 Ra1# 0-1

[Event "*** Titled Tuesday Blitz"]
[Site "Chess.com"]
[Date "2020.04.21"]
[Round "5"]
[White "Riptide27"]
[Black "theblitzchamp"]
[Result "1-0"]
[WhiteElo "2495"]
[BlackElo "2619"]
[TimeControl "180+1"]
[EndTime "10:58:16 PDT"]
[Termination "Riptide27 won by checkmate"]

1. d4 Nf6 2. c4 e6 3. Nc3 Bb4 4. Bd2 O-O 5. e3 d5 6. Nf3 c5 7. cxd5 Nxd5 8. Nxd5 Bxd2+ 9. Qxd2 Qxd5 10. dxc5 Qxc5 11.
Rc1 Qb6 12. Bd3 Nc6 13. O-O e5 14. Be4 Be6 15. a3 Rfd8 16. Qc2 h6 17. Bxc6 bxc6 18. Nxe5 Rac8 19. b4 Rd5 20. Nc4 Qd8 21. Rfd1 Qg5 22. e4 Rxd1+ 23. Rxd1 c5 24. b5 Bg4 25. Rd5 Qf6 26. f3 Be6 27. Rd1 Ra8 28. Ne3 Qe7 29.
a4 a6 30. b6 a5 31. Nd5 Qf8 32.
Qc3 Kh8 33. h3 Qd6 34. Rb1 Rb8 35. Qxa5 Bxd5 36. exd5 Qxd5 37. Qa7 Rb7 38. Qa8+ Kh7 39. a5 Qd3 40. Rf1 Qe3+ 41. Kh1 Qe7 42. Rg1 c4 43. Qc8 c3 44. Qxc3 Qg5 45. Qc2+ g6 46. Qc6 Rb8 47.
a6 Qa5 48. a7 Rxb6 49. Qxb6 Qxb6 50. a8=Q h5 51. Qe8 Qf6 52. Re1 h4 53. Qe5 Qd8 54.
Qf4 Kg7 55. Qe5+ Kh7 56. Qe4 Kg7 57. Qe2 Qa5 58. Rd1 Kh7 59. Qd2 Qa4 60. Qd5 Kg7 61.
Qd4+ Kh7 62. Qxa4 f5 63. Qd7+ Kh6 64. Qf7 Kh5 65. Rd6 Kg5 66. Qxg6+ Kf4 67. Qe6 Kg3 68. Qe5+ f4 69. Rg6+ Kf2 70. Kh2 Kf1 71. Re6 Kf2 72.
Qe1# 1-0

[Event "*** Titled Tuesday Blitz"]
[Site "Chess.com"]
[Date "2020.04.21"]
[Round "5"]
[White "pheonixking2000"]
[Black "Msb2"]
[Result "0-1"]
[WhiteElo "2812"]
[BlackElo "2928"]
[TimeControl "180+1"]
[EndTime "10:58:17 PDT"]
[Termination "Msb2 won on time"]

1. d4 Nf6 2. Nf3 d5 3. Bf4 c5 4.
e3 Nc6 5. Nbd2 cxd4 6. exd4 Qb6 7. Nb3 Bf5 8. c3 e6 9. a4 a6 10. a5 Qd8 11. h3 Bd6 12. Bxd6 Qxd6 13. Be2 O-O 14.
O-O Nd7 15. Bd3 Bxd3 16. Qxd3 h6 17. Rfe1 Qc7 18. Ra3 Rfe8 19. Qd2 Rab8 20. Raa1 Nf6 21. Qd3 Ne4 22. Nfd2 Nd6 23. Ra4 Re7 24. Rea1 Rbe8 25. Nc5 Rd8 26. b4 e5 27. dxe5 Nxe5 28. Qf1 Nec4 29.
Nxc4 Nxc4 30. R4a2 Rde8 31. Rd1 h5 32. Nb3 h4 33. Nd4 Qf4 34. Re2 Rxe2 35. Nxe2 Qg5 36. Nd4 Nd2 37. Qd3 Ne4 38. Nf3 Qf6 39. Re1 Rd8 40. Re3 Nxc3 41. Qxc3 d4 42. Nxd4 Rxd4 43. Qc2 g6 44. Rf3 Qe7 45. Qc3 Qxb4 46. Qc8+ Kg7 47. Qc7 Rd1+ 48. Kh2 Qd6+ 49. Qxd6 Rxd6 50. Rb3 Rd5 51.
Rxb7 Rxa5 52. Rb4 g5 53. Rb7 Ra2 54. Ra7 a5 55. f3 a4 56. Ra5 f6 57. Ra6 Kg6 58.
Kg1 a3 59. Ra5 Kf7 60. Ra6 Ke7 61. Kf1 Kd7 62. Kg1 Kc7 63. Rxf6 Rb2 64. Ra6 a2 65. Kh2 Kb7 66. Ra5 Kb6 67. Ra8 Kc5 68. Rc8+ Kd4 69.
Rd8+ Kc3 70. Ra8 Kc2 0-1

[Event "*** Titled Tuesday Blitz"]
[Site "Chess.com"]
[Date "2020.04.21"]
[Round "5"]
[White "Biranidun"]
[Black "GulamaliRises"]
[Result "1-0"]
[WhiteElo "2721"]
[BlackElo "2564"]
[TimeControl "180+1"]
[EndTime "10:58:17 PDT"]
[Termination "Biranidun won by resignation"]

1. e4 c5 2. Nf3 e6 3. d4 cxd4 4.
Nxd4 a6 5. Bd3 Nf6 6. O-O Qc7 7. Qe2 d6 8. c4 Nbd7 9. f4 Be7 10.
Nc3 O-O 11. Kh1 b6 12. Bd2 Bb7 13. f5 e5 14. Nb3 Nc5 15. Nxc5 dxc5 16. g4 h6 17. h4 Nh7 18. Qf2 Qd8 19. Nd5 Bxh4 20.
Qe2 f6 21. a4 a5 22. Ra3 Bg5 23. Bc3 Qd6 24. Rb3 Bxd5 25. cxd5 Bf4 26. Bc4 Ng5 27. Kg2 Kf7 28. Bb5 Rh8 29. Bc6 Rab8 30. Rh1 Rhc8 31. Qc4 Kg8 32. Kf2 Kh7 33. Bb5 Qe7 34.
Ke2 Rd8 35. Be1 Rd6 36. Bf2 Qf7 37. Kd1 Rbd8 38. Kc2 Qe7 39. Kb1 Qf7 40. Ka2 Qb7 41. Ba6 Qc7 42. Bb5 Rf8 43. Re1 Rfd8 44. Rc3 Qf7 45.
Ba6 Qe7 46. Bb5 Nf7 47. Rh1 R6d7 48. Bxd7 Qxd7 49. Ka3 Nd6 50. Qa6 Qc7 51. Re1 c4 52. Bxb6 Qe7 53. Bxd8 Nb5+ 54. Ka2 Nxc3+ 55. bxc3 Qxd8 56.
Qxc4 Qb6 57. Re2 Qg1 58. Rb2 Qxg4 59. d6 Qd1 60. Qd5 Qxa4+ 61. Kb1 Qd7 62. Rb7 Qd8 63. d7 a4 64. Qc6 a3 65. Ka2 Qg8+ 66. Qd5 Qd8 67.
Qe6 h5 68. Qe8 Qa5 69. Qxh5+ 1-0

[Event "*** Titled Tuesday Blitz"]
[Site "Chess.com"]
[Date "2020.04.21"]
[Round "5"]
[White "bait_or_mate"]
[Black "BrizuelaReivis"]
[Result "1-0"]
[WhiteElo "2519"]
[BlackElo "2263"]
[TimeControl "180+1"]
[EndTime "10:58:17 PDT"]
[Termination "bait_or_mate won on time"]

1. d4 e6 2. c4 d5 3. Nf3 c5 4.
cxd5 exd5 5. g3 Nf6 6. Bg2 Be7 7. O-O Nc6 8. dxc5 O-O 9. a3 Bxc5 10. b4 Be7 11. Bb2 Be6 12. Nbd2 a6 13. Nb3 Rc8 14.
Nbd4 Qd7 15. Rc1 Rfd8 16. Qd3 Nxd4 17. Nxd4 Ne4 18. Bxe4 dxe4 19. Qxe4 Bd5 20. Qd3 Bf6 21. e3 Bf3 22. Rxc8 Qxc8 23. Rc1 Qd7 24. Qf1 Be4 25. f3 Bd5 26. Rd1 Qa4 27. Rd2 Be6 28. Qc1 Bh3 29. Ne2 Qe8 30. Kf2 Rc8 31. Qa1 Bg5 32.
Bd4 Bd7 33. Qd1 Ba4 34. Qb1 Bc6 35. Qf5 h6 36. Qe5 Qf8 37. Bc5 Qe8 38. Qxe8+ Rxe8 39. f4 Bf6 40. Nd4 Bxd4 41. Rxd4 h5 42. Rd6 g6 43. h3 Be4 44. g4 hxg4 45. hxg4 Bc6 46.
Rd1 f6 47. Rd2 Kf7 48. Rd6 Re6 49. Rd2 Re8 50. Bd4 Rd8 51. Kg3 Rd7 52. Rh2 Kg7 53.
g5 Kg8 54. Bxf6 Rh7 55. Rd2 Rd7 56. Rc2 Kf7 57. Bd4 Kg8 58. Rh2 1-0

[Event "*** Titled Tuesday Blitz"]
[Site "Chess.com"]
[Date "2020.04.21"]
[Round "5"]
[White "TST2014"]
[Black "12teen"]
[Result "0-1"]
[WhiteElo "2604"]
[BlackElo "2763"]
[TimeControl "180+1"]
[EndTime "10:58:18 PDT"]
[Termination "12teen won by checkmate"]

1. d4 a6 2. e4 b5 3. Nf3 Bb7 4. Bd3 e6 5. O-O Nf6 6. Qe2 d5 7. Nbd2 c5 8. c3 Nc6 9. Re1 Be7 10. a4 b4 11. e5 Nd7 12. Nf1 Qb6 13. Be3 a5 14. Bb5 Ba6 15. Ng3 Bxb5 16. Qxb5 c4 17. Qxb6 Nxb6 18. Nh5 O-O 19. Ng5 Rfb8 20. f4 Bxg5 21.
fxg5 Ne7 22. g4 bxc3 23. bxc3 Nd7 24. Reb1 Nc6 25. Kf2 Ra6 26. Ke2 Rab6 27. Rxb6 Rxb6 28. Bc1 Rb3 29. Kd2 Nb6 30. Kc2 Ne7 31. Nf4 Ng6 32. Ng2 Kf8 33. h4 Ke8 34. h5 Ne7 35.
Ba3 Nc6 36. Bc5 Nd7 37. Bd6 Nd8 38. Nf4 Nb7 39. Ba3 Nb6 40. Bc1 Nd8 41. g6 fxg6 42. hxg6 hxg6 43. Nxg6 Kf7 44. Nf4 Nc6 45. g5 Ne7 46.
Ba3 Ng6 47. Nxg6 Kxg6 48. Bc5 Nd7 49. Be7 Kf7 50. Bd6 Kg6 51. Be7 Rb7 52. Rf1 Nb6 53. Bd6 Nxa4 54. Ra1 Nb2 55. Rxa5 Nd3 56. Kd2 Kf5 57. Ke3 Nf4 58. Ra8 Ng2+ 59. Kf2 Nf4 60. Kf3 Ng6 61. Rg8 Rb3 62. Bf8 Rxc3+ 63. Ke2 Nf4+ 64.
Kd2 Rd3+ 65. Kc2 g6 66. Bh6 Ne2 67. Rf8+ Ke4 68. Rf6 Nxd4+ 69. Kb1 Rb3+ 70. Ka2 c3 71. Rxg6 c2 72. Rxe6 c1=Q 73. g6 Qb1# 0-1

[Event "*** Titled Tuesday Blitz"]
[Site "Chess.com"]
[Date "2020.04.21"]
[Round "5"]
[White "KhamzinOlzhas"]
[Black "Corpescador"]
[Result "1/2-1/2"]
[WhiteElo "2508"]
[BlackElo "2395"]
[TimeControl "180+1"]
[EndTime "10:58:19 PDT"]
[Termination "Game drawn by stalemate"]

1. e4 c5 2. Nc3 d6 3. g3 g6 4. Bg2 Bg7 5. d3 Nc6 6. Be3 e6 7. Qd2 Qa5 8. Nge2 Nd4 9. a3 Ne7 10. Rb1 Nec6 11. O-O O-O 12. b4 Qxa3 13. Bxd4 cxd4 14. Nb5 Qa4 15. Nxd6 Rd8 16. Nc4 b5 17. Na3 Qxa3 18. e5 Qa6 19. f4 Qb6 20. g4 Rb8 21.
Ng3 Bb7 22. Ne4 Ne7 23. Kh1 Nd5 24. Rf3 Ne3 25. Rh3 Nxg2 26. Qxg2 Bxe4 27. dxe4 Qc6 28. Rd1 Rbc8 29. Rd2 d3 30. Rhxd3 Rxd3 31. Rxd3 Qxc2 32. Rd8+ Bf8 33. Qxc2 Rxc2 34. Rb8 Rc4 35. Rxb5 Rxe4 36. f5 Rxg4 37. fxe6 fxe6 38. Ra5 Rxb4 39. Rxa7 Rb6 40. Kg2 h5 41. Kf3 Bg7 42. Ra8+ Kh7 43. Ra7 Rb4 44. h3 Kh6 45. Re7 Rb6 46. Kf4 Rb4+ 47. Kf3 Bxe5 48. Rxe6 Rf4+ 49. Ke3 Rf5 50. Ke4 Bc3 51.
Rc6 Bd2 52. Rc2 Bg5 53. Rc3 Bf6 54. Rd3 Re5+ 55. Kf4 Bg7 56. Rb3 Rf5+ 57. Ke4 h4 58.
Rd3 Rg5 59. Rf3 Rg3 60. Kf4 Rxf3+ 61. Kxf3 Kg5 62. Ke4 Bf6 63. Kf3 Bd8 64. Ke4 Kf6 65. Ke3 Kf5 66. Kf3 Bc7 67. Ke3 Bb6+ 68. Kf3 Bc5 69. Kg2 Kf4 70. Kh2 Kf3 71. Kh1 Kg3 1/2-1/2

[Event "*** Titled Tuesday Blitz"]
[Site "Chess.com"]
[Date "2020.04.21"]
[Round "5"]
[White "Avileyshon7"]
[Black "DonBroca"]
[Result "1/2-1/2"]
[WhiteElo "2268"]
[BlackElo "2113"]
[TimeControl "180+1"]
[EndTime "10:58:19 PDT"]
[Termination "Game drawn by repetition"]

1. e4 c5 2. Nf3 d6 3. d4 cxd4 4.
Nxd4 Nf6 5. Nc3 g6 6. Be3 Bg7 7. f3 O-O 8. Qd2 Nc6 9. O-O-O d5 10. exd5 Nxd5 11. Nxc6 bxc6 12. Nxd5 cxd5 13. Qxd5 Qc7 14. Qxa8 Bf5 15. Qxf8+ Kxf8 16. Bd3 Qe5 17. Bxa7 Qxb2+ 18. Kd2 Bxd3 19. Kxd3 Qa3+ 20. Ke2 Qa6+ 21. Rd3 f5 22. Be3 Qxa2 23. Rc1 Bb2 24. Rcd1 Be5 25. R3d2 Bxh2 26. Rh1 Bg3 27. Rxh7 Qc4+ 28. Rd3 Qxc2+ 29. Bd2 Qc4 30.
Bh6+ Ke8 31. Rh8+ Kf7 32. Rh7+ Ke8 33. Rh8+ Kf7 34. Rf8+ Ke6 35. Rg8 Qc2+ 36. Bd2 Kf7 37. Rh8 Bf4 38. Rh7+ Kf6 39. Rh8 Bxd2 40. Rxd2 Qc4+ 41.
Ke1 Qc1+ 42. Ke2 Qc4+ 43. Ke1 Qc1+ 44. Ke2 Qg1 45. Kd3 Qc5 46. Rf8+ Kg7 47. Rd8 Qb5+ 48. Ke3 Kf6 49. R8d3 Qc5+ 50. Ke2 Qc4 51. Ke1 Qe6+ 52. Re2 Qc4 53. Rde3 Qc5 54. Rxe7 Qxe7 55. Rxe7 Kxe7 56. Kf2 Ke6 57. Ke2 Ke5 58. Ke3 f4+ 59. Ke2 Kd4 60. Kf2 Kd3 61. Kf1 g5 62. Kf2 Kd2 63. Kf1 Ke3 64. Ke1 Kd3 65. Kd1 Ke3 66. Ke1 Kd3 67. Kd1 Kc3 68. Ke2 Kc2 69. Ke1 Kc1 70. Ke2 Kc2 71.
Ke1 Kc3 72. Ke2 Kd4 73. Kd2 Kc4 74. Kc2 Kd4 75. Kd2 Kc4 76. Ke2 Kd4 77. Kd2 1/2-1/2

[Event "*** Titled Tuesday Blitz"]
[Site "Chess.com"]
[Date "2020.04.21"]
[Round "5"]
[White "Nakachuk"]
[Black "vovachesss"]
[Result "1/2-1/2"]
[WhiteElo "2778"]
[BlackElo "2623"]
[TimeControl "180+1"]
[EndTime "10:58:21 PDT"]
[Termination "Game drawn by repetition"]

1. Nf3 Nf6 2. g3 g6 3. Bg2 Bg7 4. O-O O-O 5. d3 d6 6. e4 e5 7. c3 c6 8. Re1 Qc7 9. Nbd2 a5 10. a4 Na6 11. b3 Re8 12. Qc2 d5 13. Ba3 b6 14.
Rad1 Bb7 15. d4 exd4 16. Nxd4 Rad8 17. exd5 Rxe1+ 18. Rxe1 Nxd5 19. Bxd5 cxd5 20. N2f3 Nc5 21. Nb5 Qc6 22. Nfd4 Qf6 23. Kg2 h5 24. h4 Bf8 25.
Bc1 Rc8 26. f3 Ne6 27. Nxe6 fxe6 28. Bg5 Qf7 29. Nd4 Bg7 30. Rxe6 Rxc3 31. Qxc3 Qxe6 32.
Nxe6 Bxc3 33. Be3 d4 34. Bxd4 Bb4 35. Bxb6 Bd5 36. Nd4 Bc3 37. Ne2 Bb4 38. Nf4 Bxb3 39. Nxg6 Bxa4 40. Nf4 Be8 41. Nd5 Bd2 42. Nf6+ Kf7 43.
Nxe8 Kxe8 44. g4 a4 45. Bc5 Kd7 46. Ba3 Ke6 47. Kg3 Be3 48. gxh5 Kf5 49. Kg2 Bd2 50. Kf2 Bf4 51. Ke2 Bg3 52. Be7 Bf4 53. Kd3 Bg3 54.
h6 Kg6 55. Bg5 a3 56. Kc2 Bd6 57. Kb3 Bc5 58. Bc1 Be7 59. h5+ Kxh5 60. h7 Bf6 61. Bxa3 Kg6 62. Bb2 Bxb2 63. Kxb2 Kxh7 64. Kc3 Kg6 65. Kd3 Kf5 66. Ke3 Ke5 67. f4+ Kf5 68. Kf3 Kf6 69. Ke4 Ke6 70. f5+ Kf6 71. Kf4 Kf7 72. Kg4 Kf6 73. Kf4 Kf7 74. Ke5 Ke7 75.
f6+ Kf7 76. Kf5 Kf8 77. Kg5 Kf7 78. Kf5 Kf8 79. Ke6 Ke8 80. Ke5 Kf7 81. Kf5 1/2-1/2

[Event "*** Titled Tuesday Blitz"]
[Site "Chess.com"]
[Date "2020.04.21"]
[Round "5"]
[White "letsgoband"]
[Black "Pechen_Yeltsina"]
[Result "1/2-1/2"]
[WhiteElo "2464"]
[BlackElo "2774"]
[TimeControl "180+1"]
[EndTime "10:58:22 PDT"]
[Termination "Game drawn - insufficient material"]

1. e4 g6 2. d4 Bg7 3. Nc3 d6 4. Be3 a6 5. h4 h6 6. h5 g5 7. Qd2 Nd7 8. f3 b5 9. a4 b4 10. Nd1 c5 11. c3 bxc3 12. bxc3 cxd4 13. cxd4 Ngf6 14. Ne2 O-O 15. Ng3 e6 16. Bd3 a5 17.
O-O Ba6 18. Bxa6 Rxa6 19. Nc3 Rc6 20. Nb5 Nb6 21. Qxa5 Qd7 22. Bf2 Nc4 23. Qb4 Rb8 24.
Rfc1 d5 25. e5 Ne8 26. Nf1 Bf8 27. Qc3 Ng7 28. Ne3 Nxe5 29. Qd2 Nc4 30. Ng4 Nxh5 31.
Qe2 f5 32. Rxc4 dxc4 33. Ne5 Qe8 34. Nxc6 Qxc6 35. Rc1 Nf4 36. Qxc4 Qxc4 37. Rxc4 Nd5 38. Bg3 Ra8 39. Be5 f4 40. Nc7 Ra7 41. Nxe6 Bb4 42. Rc8+ Kf7 43. Nd8+ Kg6 44. Nc6 Rxa4 45. Rd8 Ne3 46.
d5 Bc5 47. Kh2 Ra2 48. d6 Rxg2+ 49. Kh1 Rd2 50. d7 Nf1 51. Bd4 Bxd4 52. Nxd4 Rxd4 53. Rg8+ Kh5 54. d8=Q Rxd8 55. Rxd8 Ne3 56. Kg1 Kh4 57. Kf2 h5 58. Rh8 Nf5 59. Rf8 Nd4 60. Rg8 Ne6 61.
Rg6 Nc5 62. Rd6 g4 63. Rd5 g3+ 64. Kg2 Ne6 65. Rf5 Ng7 66. Rxf4+ Kg5 67. Rf7 Nf5 68. Rxf5+ Kxf5 69. Kxg3 Kg5 70. Kh3 Kf5 71. Kh4 Kg6 72. f4 Kf5 73. Kxh5 Kxf4 1/2-1/2